 Dungeon Crawl Stone Soup version 0.26-a0-812-g31a745ddcd (webtiles) character file.

Game seed: 5008688696206131786

2247 Borgoz the Slasher (level 9, 0/75 HPs)
             Began as a Ghoul Monk on Dec 8, 2020.
             Was an Elder of Okawaru.
             Slain by a river rat (7 damage)
             ... summoned by Eustachio
             ... on level 6 of the Dungeon.
             The game lasted 00:09:03 (6601 turns).

Borgoz the Slasher (Ghoul Monk)                     Turns: 6601, Time: 00:09:03

Health: 0/75       AC: 16    Str: 16    XL:     9   Next: 37%
Magic:  9/9        EV:  9    Int:  5    God:    Okawaru [****..]
Gold:   225        SH:  0    Dex: 13    Spells: 8/8 levels left

rFire    . . .     SeeInvis +   v - +0 long sword
rCold    + + .     Faith    .   (no shield)
rNeg     + + +     Spirit   .   l - +4 chain mail
rPois    ∞         Reflect  .   b - +1 hat
rElec    .         Harm     .   (no cloak)
rCorr    .         Rampage  .   o - +0 pair of gloves
MR       .....                  (no boots)
Stlth    ..........             (no amulet)
HPRegen  0.00/turn              j - ring of see invisible
MPRegen  0.11/turn              s - ring of protection from cold

@: mighty
A: rotting body, claws 1, cold resistance 1, negative energy resistance 3,
inhibited regeneration, torment resistance, unbreathing
a: Heroism, Renounce Religion


You were on level 6 of the Dungeon.
You worshipped Okawaru.
Okawaru was greatly pleased with you.
You visited 2 branches of the dungeon, and saw 7 of its levels.

You collected 225 gold pieces.

Inventory:

Hand Weapons
 v - a +0 long sword (weapon)
Armour
 b - a +1 hat (worn)
 l - a +4 chain mail (worn)
 o - a +0 pair of gloves (worn)
Jewellery
 j - a ring of see invisible (left hand)
 n - an uncursed ring of ice
 s - a ring of protection from cold (right hand)
Wands
 p - a wand of random effects (17)
 q - a wand of enslavement (1)
 u - a wand of disintegration (4)
Scrolls
 a - a scroll of noise {unknown}
 d - a scroll of immolation {unknown}
 e - a scroll of fear {unknown}
 f - 5 scrolls of identify {unknown}
 g - 2 scrolls of remove curse {unknown}
 i - 3 scrolls of teleportation {unknown}
 k - a scroll of magic mapping {unknown}
 m - a scroll of random uselessness {unknown}
 r - 2 scrolls of enchant weapon {unknown}
Potions
 c - a potion of magic


   Skills:
 + Level 6.2 Fighting
 * Level 6.9 Long Blades
 * Level 6.1 Armour
 + Level 5.1 Dodging
 - Level 2.2 Stealth
 + Level 2.3 Invocations


You had 8 spell levels left.
You didn't know any spells.
Your spell library contained the following spells:

 Spells                   Type           Power        Failure   Level
 Poisonous Vapours        Pois/Air       #.....       100%        2
 Summon Guardian Golem    Hex/Summ       #.......     100%        3
 Summon Ice Beast         Ice/Summ       #.......     100%        4
 Summon Lightning Spire   Summ/Air       #.......     100%        4
 Spellforged Servitor     Conj/Summ      #.........   100%        7
 Beastly Appendage        Tmut           Unusable     N/A         1
 Wereblood                Tmut           Unusable     N/A         2
 Spider Form              Tmut/Pois      Unusable     N/A         3
 Ice Form                 Ice/Tmut       Unusable     N/A         4
 Blade Hands              Tmut           Unusable     N/A         5

Dungeon Overview and Level Annotations

Branches:
Dungeon (6/15)             Temple (1/1) D:4

Altars:
Ashenzari
Cheibriados
Dithmenos
Elyvilon
Fedhas
Gozag
Hepliaklqana
Kikubaaqudgha
Nemelex Xobeh
Okawaru
Qazlal
Ru
Sif Muna
Trog
Uskayaw
Vehumet
Wu Jian
Yredelemnul
Zin
The Shining One

Annotations:
D:4 3 runed translucent doors, MoonlitKnight's ghost, amateur HOMo
D:5 2 transporters
D:6 Eustachio


Innate Abilities, Weirdness & Mutations

Your body is rotting away.
You thrive by killing the living.
You are immune to poison.
You have sharp fingernails.
Your flesh is cold resistant. (rC+)
You are immune to negative energy. (rN+++)
You do not regenerate when monsters are visible.
You are immune to unholy pain and torment.
You can survive without breathing.


Message History

You slash Eustachio!
Eustachio is moderately wounded.
The bat hits you but does no damage. The bat closely misses you.
Eustachio closely misses you. The adder bites you but does no damage.
The river rat closely misses you.
You riposte.
You completely miss the river rat. The bat hits you.
* * * LOW HITPOINT WARNING * * *
You closely miss Eustachio.
Eustachio is moderately wounded.
The bat hits you but does no damage. The adder barely misses you.
Eustachio hits you but does no damage.
The river rat bites you but does no damage.
The adder bites you.
* * * LOW HITPOINT WARNING * * *
You slice Eustachio!!
Eustachio is almost dead.
The bat hits you but does no damage.
Eustachio casts a spell.
Eustachio blinks!
The river rat bites you!
You die...

########....
####.......... ..
............#
........
##.....$#... .......
..........#.###....o
.@........# ........
.....b.r#S###.....@
.......§#.....#.o#
......#@###..#..#
#.....#rSr...#..#
#.....###)....(##
##.............#
#............## ....
##...........#
...... ..........##
...... ........#..#
.....>
##.######..###


You could see Eustachio, an adder, 3 river rats and a bat (summoned).

Vanquished Creatures
  Pikel (D:4)
  Maggie (D:6)
  Grinder (D:4)
  Sigmund (D:2)
  Edmund (D:6)
  2 ice beasts
  2 ogres
  A bullfrog (D:6)
  A scorpion (D:6)
  A howler monkey (D:6)
  2 vampire bats (D:3)
  4 orc priests
  2 orc wizards
  Ijyb (D:4)
  4 worker ants (D:4)
  A hound zombie (D:5)
  A gnoll (D:1)
  8 adders
  3 shadow imps
  An ooze (D:2)
  An adder skeleton (D:4)
  An adder zombie (D:6)
  3 worms
  3 dart slugs
  2 leopard geckos
  14 orcs
  2 ball pythons
  2 bat skeletons (D:3)
  4 bat zombies (D:3)
  7 giant cockroaches
  5 goblins
  6 hobgoblins
  14 jackals
  2 quokkas
  A ball python zombie (D:5)
  6 bats
  6 frilled lizards
  8 kobolds
  A quokka zombie (D:6)
  5 rats
132 creatures vanquished.

Notes
Turn   | Place    | Note
-------+----------+-------------------------------------------
     0 | D:1      | Borgoz the Ghoul Monk began the quest for the Orb.
     0 | D:1      | Reached XP level 1. HP: 19/19 MP: 0/0
   204 | D:1      | Reached XP level 2. HP: 24/26 MP: 1/1
   639 | D:1      | Reached skill level 1 in Armour
   639 | D:1      | Reached XP level 3. HP: 29/31 MP: 2/2
  1494 | D:2      | Reached XP level 4. HP: 20/40 MP: 3/3
  1978 | D:2      | Noticed Sigmund
  2012 | D:2      | HP: 1/40 [dart slug/slug dart (5)]
  2017 | D:2      | Killed Sigmund
  2017 | D:2      | Reached XP level 5. HP: 2/46 MP: 4/4
  2017 | D:2      | Reached XP level 6. HP: 2/52 MP: 5/5
  3069 | D:3      | Found an iron altar of Okawaru.
  3107 | D:3      | Became a worshipper of Warmaster Okawaru
  3107 | D:3      | Reached * piety under Okawaru
  3107 | D:3      | Reached ** piety under Okawaru
  3169 | D:3      | Found an ancient bone altar of Kikubaaqudgha.
  3528 | D:3      | Reached XP level 7. HP: 46/60 MP: 3/6
  3639 | D:3      | You fall into a shaft and drop 1 floor!
  4141 | D:4      | Noticed Ijyb
  4164 | D:4      | Paralysed by Ijyb for 5 turns
  4176 | D:4      | Paralysed by Ijyb for 7 turns
  4196 | D:4      | Killed Ijyb
  4298 | D:3      | Reached skill level 5 in Long Blades
  4397 | D:4      | Found a basalt altar of Yredelemnul.
  4436 | D:4      | Noticed Pikel
  4469 | D:4      | Killed Pikel
  4469 | D:4      | Reached *** piety under Okawaru
  4469 | D:4      | Reached skill level 5 in Fighting
  4469 | D:4      | Reached XP level 8. HP: 14/68 MP: 7/7
  4766 | D:4      | Found a runed translucent gate.
  4767 | D:4      | Found a runed translucent gate.
  4768 | D:4      | Found a runed translucent gate.
  4769 | D:4      | Found an opulent altar of Gozag.
  4771 | D:4      | Noticed MoonlitKnight's ghost (amateur HOMo)
  4804 | D:4      | Noticed Grinder
  4817 | D:4      | Paralysed by Grinder for 2 turns
  4826 | D:4      | Paralysed by Grinder for 5 turns
  4834 | D:4      | Killed Grinder
  4834 | D:4      | Reached skill level 5 in Armour
  5023 | D:4      | Found an ornate altar of the Wu Jian Council.
  5032 | D:4      | Found a staircase to the Ecumenical Temple.
  5054 | Temple   | Entered the Ecumenical Temple
  5284 | D:5      | Entered Level 5 of the Dungeon
  5284 | D:5      | Found a transporter.
  5293 | D:5      | Found a stormy altar of Qazlal.
  5473 | D:5      | Found a hazy altar of Hepliaklqana.
  5474 | D:5      | Found a shadowy altar of Dithmenos.
  5474 | D:5      | Noticed a shadow
  5504 | D:5      | Identified the Reference Book on Feathers and Creation
  5589 | D:5      | Reached **** piety under Okawaru
  5589 | D:5      | Reached skill level 1 in Invocations
  5676 | D:5      | Found a transporter.
  5680 | D:5      | Found a bloodstained altar of Trog.
  5680 | D:5      | Found a snail-covered altar of Cheibriados.
  6114 | D:6      | Noticed Maggie
  6120 | D:6      | Noticed Edmund
  6122 | D:6      | Reached XP level 9. HP: 73/75 MP: 7/9
  6130 | D:6      | Killed Maggie
  6130 | D:6      | Reached skill level 5 in Dodging
  6141 | D:6      | Killed Edmund
  6535 | D:6      | Noticed Eustachio
  6601 | D:6      | Slain by a river rat

Illustrated notes

Levels and vault maps discovered:
D:1:      nzn_arrival_depleted_hourglass, layout_loops_corners
D:2:      layout_basic, serial_co_window_serial, co_window_paths_a,
          co_window_paths_a, co_window_paths_a, co_window_corner_a,
          co_window_of_opportunity_a, co_window_corner_b,
          co_window_unsneaky_path_b, co_window_of_opportunity_c,
          co_window_broadway_b, co_window_cross_3, co_window_of_opportunity_b,
          minmay_quantized, uniq_sigmund
D:3:      layout_basic, kennysheep_vampire_church, lemuel_doored_altar,
          serial_curves, eino_curves_01, eino_curves_02, eino_curves_02
D:4:      layout_basic, lemuel_crystal_altar, minmay_temple_entry_tees,
          ebering_ghost_gozag, yredelemnul_altar_generic, uniq_ijyb,
          uniq_grinder, uniq_pikel
D:5:      layout_cave_pods, riverfiend_overflow_shadow_ancestor,
          lemuel_round_altar, gammafunk_temple_overflow_arena,
          kennysheep_small_square
D:6:      layout_cave_pods, doesnt_xom_only_xom, hangedman_abyss_or_decor_stabs,
          nrook_loot_triangle, kennysheep_generic_room_14, uniq_maggie,
          uniq_edmund, uniq_eustachio
Temple:   nicolae_temple_hex_pool

Skill      XL: |  1  2  3  4  5  6  7  8  9 |
---------------+----------------------------+-----
Long Blades    | 3 4 5 6 |  6.9
Armour         | 1 2 3 4 5 6 |  6.1
Dodging        | 3 4 5 |  5.1
Fighting       | 4 5 6 |  6.2
Invocations    | 1 2 |  2.3
Stealth        | |  2.2

Action                   |  1- 3 |  4- 6 |  7- 9 || total
-------------------------+-------+-------+-------++-------
Melee: Falchion          |   143 |   200 |   237 ||   580
       Long sword        |       |       |   111 ||   111
Invok: Heroism           |       |     1 |       ||     1
  Use: Potion            |       |     3 |     4 ||     7
 Stab: Distracted        |     1 |       |       ||     1
       Invisible         |       |       |     4 ||     4
Armor: Plate armour      |   106 |       |       ||   106
       Chain mail        |    51 |   174 |   280 ||   505
Dodge: Dodged            |    54 |   127 |   209 ||   390
       Rpst.: Falchion   |    18 |    39 |    38 ||    95
       Long sword        |       |       |    25 ||    25

Table legend: (Time is in decaauts)
 A = Elapsed time spent in this place.
 B = Non-inter-level travel time spent in this place.
 C = Inter-level travel time spent in this place.
 D = Time resting spent in this place.
 E = Time spent auto-exploring this place.
 F = Levels seen in this place.
 G = Mean time per level.
                   A        B        C        D        E       F      G
               +--------+--------+--------+--------+--------+-----+--------+
         Total |   6654 |   6339 |    315 |   1250 |   3838 |   7 |  950.6 |
       Dungeon |   6571 |   6262 |    309 |   1250 |   3762 |   6 | 1095.2 |
        Temple |     82 |     76 |      6 |      0 |     76 |   1 |   82.0 |
               +--------+--------+--------+--------+--------+-----+--------+

Top non-repeatable levels by time:
     D:2: 1484 daAuts
     D:1: 1369 daAuts
     D:3: 1265 daAuts
     D:4: 1128 daAuts
     D:5: 803 daAuts
     D:6: 520 daAuts
  Temple: 82 daAuts
